 Dungeon Crawl Stone Soup version 0.21.1-1-g345015fe64 (webtiles) character file.

100377 Knicklaso the Fighter (level 15, -2/126 HPs)
             Began as a Demonspawn Wanderer on Apr 11, 2018.
             Was an Elder of Qazlal.
             Killed by the raging water
             ... invoked by a water nymph
              (28 damage)
             ... on level 2 of the Shoals on Apr 12, 2018.
             The game lasted 02:11:48 (29539 turns).

Knicklaso the Fighter (Demonspawn Wanderer)        Turns: 29539, Time: 02:11:49

Health: -2/126     AC: 28    Str: 22    XL:     15   Next: 80%
Magic:  25/25      EV: 15    Int: 23    God:    Qazlal [****..]
Gold:   2265       SH:  9    Dex: 10    Spells: 13/18 levels left

rFire    x . .     SeeInvis +   m - +7 demon trident of Vengeance {pierce, rElec rF- Str+3 Int+2}
rCold    . . .     Gourm    +   q - +0 buckler
rNeg     . . .     Faith    .   v - +4 ring mail {rPois}
rPois    +         Spirit   .   (helmet unavailable)
rElec    +         Reflect  .   g - +2 cloak
rCorr    .         Harm     .   N - +1 pair of gloves
MR       +++..                  O - +2 pair of boots {Fly}
Stlth    +.........             J - amulet "Soghaep" {Gourm MR++}
HPRegen  0.31/turn              C - ring of see invisible
MPRegen  0.19/turn              L - +5 ring of intelligence

@: sanguine armour, flying, mesmerised, repel missiles
A: horns 3, demonic guardian 2, spiny 1, sanguine armour 2
a: Upheaval, Elemental Force, Renounce Religion, Stop Flying


You were on level 2 of the Shoals.
You worshipped Qazlal.
Qazlal was greatly pleased with you.
You were very full.

You visited 5 branches of the dungeon, and saw 26 of its levels.
You also visited: Volcano.

You collected 2917 gold pieces.
You spent 652 gold pieces at shops.

Inventory:

Hand Weapons
 m - the +7 demon trident of Vengeance (weapon) {pierce, rElec rF- Str+3 Int+2}
   (You acquired it on level 4 of the Lair of Beasts)

   It inflicts extra damage upon your enemies.
   It affects your strength (+3).
   It affects your intelligence (+2).
   It makes you vulnerable to fire.
   It insulates you from electricity.
Armour
 g - a +2 cloak (worn)
 q - a +0 buckler (worn)
 v - a +4 ring mail of poison resistance (worn)
 K - a +2 ring mail of cold resistance
 N - a +1 pair of gloves (worn)
 O - a +2 pair of boots of flying (worn)
 W - a +1 chain mail of fire resistance
Jewellery
 u - a +3 amulet of reflection
 C - a ring of see invisible (left hand)
 I - an uncursed ring of protection from cold
 J - the amulet "Soghaep" (around neck) {Gourm MR++}
   (You found it on level 6 of the Dungeon)

   [amulet of the gourmand]

   It allows you to eat raw meat even when not hungry.
   It affects your resistance to hostile enchantments.
 L - a +5 ring of intelligence (right hand)
 R - an uncursed ring of positive energy
Wands
 a - a wand of disintegration (28)
 d - a wand of digging (33)
 x - a wand of iceblast (7)
 A - a wand of flame (51)
Scrolls
 c - 10 scrolls of teleportation
 h - 4 scrolls of magic mapping
 k - 8 scrolls of remove curse
 l - a scroll of immolation
 p - 3 scrolls of enchant weapon
 r - a scroll of enchant armour
 w - a scroll of fear
 y - a scroll of random uselessness
 B - 13 scrolls of identify
 E - a scroll of blinking
 M - 2 scrolls of amnesia
 Q - a scroll of vulnerability
 Y - a scroll of fog
Potions
 e - a potion of haste
 i - 2 potions of mutation {unknown}
 j - 8 potions of curing
 n - 3 potions of flight {unknown}
 o - a potion of agility
 s - 3 potions of magic {unknown}
 t - a potion of invisibility
 z - 2 potions of heal wounds
 D - 4 potions of lignification
 F - 2 potions of might
 G - a potion of ambrosia
 H - 3 potions of cancellation
 P - 4 potions of berserk rage
 S - 4 potions of brilliance {unknown}
 U - 2 potions of resistance
 Z - 3 potions of degeneration {unknown}
Comestibles
 f - 42 rations


   Skills:
 + Level 14.2 Fighting
 - Level 13.4(14.0) Polearms
   Level 6.8(11.1) Staves
 - Level 1.0 Throwing
 + Level 7.0 Armour
 + Level 10.3 Dodging
 - Level 1.0 Stealth
 - Level 4.0 Shields
 - Level 2.1 Spellcasting
 - Level 3.0 Charms
   Level 3.0 Summonings
 - Level 3.0 Air Magic
 - Level 14.1 Invocations


You had 13 spell levels left.
You knew the following spells:

 Your Spells              Type           Power        Failure   Level  Hunger
a - Swiftness             Chrm/Air       ###.....     9%          2    ##.....
b - Apportation           Tloc           #.....       19%         1    #......
c - Passwall              Tmut/Erth      #.........   28%         2    ##.....


Dungeon Overview and Level Annotations

Branches:
Dungeon (15/15)            Temple (1/1) D:7            Lair (6/6) D:8
 Shoals (2/4) Lair:4       Spider (0/4) Lair:3        Slime (0/5) Lair:6
    Orc (2/2) D:10            Elf (0/3) Orc:2        Vaults (0/5) D:14
 Depths (0/5) D:15

Altars:
Ashenzari
Cheibriados
Dithmenos
Elyvilon
Fedhas
Gozag
Hepliaklqana
Kikubaaqudgha
Makhleb
Nemelex Xobeh
Okawaru
Qazlal
Ru
Sif Muna
Trog
Uskayaw
Vehumet
Wu Jian
Xom
Yredelemnul
Zin
The Shining One
Beogh

Shops:
D:5 }%[*   D:10 %   D:11 }   Orc:2 [(?:

Annotations:
D:12 1 runed door
D:13 2 transporters


Innate Abilities, Weirdness & Mutations

You have a pair of large horns on your head.
A demonic guardian rushes to your aid.
You are partially covered in sharp spines.
When seriously injured, your bleeding wounds create thick armour. (AC +9)


Message History

The water nymph is almost dead.
The merfolk siren chants its luring song.
You barely miss the water nymph. Your headbutt misses the water nymph.
The water nymph is almost dead.
The water nymph is struck by your spines.
You kill the water nymph!
Qazlal accepts your kill.
The merfolk is engulfed in freezing vapours.
The merfolk completely misses you.
The merfolk avatar chants its luring song.
Your orange demon stings the water nymph from afar!
The faun shoots a stone.
You block the stone.
You hear a splash.
Your ice devil splashes around in the water.
The faun shoots a sling bullet.
The sling bullet hits your ice devil but does no damage.
You hear a splash.
The water nymph casts a spell at you. The water rises up and strikes you!
You die...

..≈≈≈≈≈≈≈≈≈≈≈..
.###..≈≈≈≈≈≈≈≈≈≈≈≈..
≈.....≈≈≈≈≈≈≈≈≈≈≈≈.#
≈≈≈≈≈≈≈≈≈≈≈≈≈≈≈≈.≈≈.
≈≈≈≈≈≈≈≈≈≈≈≈≈≈≈≈≈≈≈≈
≈≈≈≈≈≈≈≈≈≈≈(≈c≈≈≈≈≈(
≈≈≈m≈≈§≈c≈≈≈≈≈≈≈≈≈≈.
≈≈≈≈≈≈≈≈§(4≈(c≈≈≈≈≈.
≈≈≈.:..@mHm(.(≈≈≈≈≈.
≈≈≈.##..†m(≈≈≈≈≈≈≈≈≈
≈ #4.§§≈≈≈.≈≈≈≈≈≈
≈......≈m≈....≈≈≈
≈≈≈≈..≈≈≈≈≈.....≈≈
≈≈≈≈≈.≈≈≈≈...###.≈≈
≈≈≈..≈..≈≈≈≈.# #≈≈
≈≈≈..≈....≈≈..
≈<≈:≈≈≈.≈..≈.


You could see a merfolk avatar, a merfolk impaler, a merfolk, 3 fauns, a
manticore, a merfolk siren, a water nymph, a friendly orange demon and a
friendly ice devil.

Vanquished Creatures
  An orc warlord (Orc:2)
  The ghost of Xenomina the Fighter, a journeyman DgFi (D:13)
  A stone giant (Orc:1)
  3 dire elephants (Lair:6)
  A merfolk javelineer (Shoals:1)
  A fire dragon (D:15)
  An ice dragon (D:15)
  4 hydras
  An anaconda (Lair:6)
  A merfolk aquamancer (Shoals:2)
  A satyr (Shoals:1)
  An ogre mage (Orc:2)
  5 two-headed ogres
  2 tengu warriors (D:15)
  A centaur warrior (D:14)
  2 death yaks (Lair:3)
  Nergalle (Orc:1)
  An orc high priest (Orc:2)
  4 unseen horrors
  A sea snake (Shoals:1)
  An orc knight (D:14)
  A salamander (Volcano)
  6 orc sorcerers
  9 fauns
  5 ugly things
  3 manticores
  3 cyclopes
  3 deep elf magi
  2 black mambas
  8 elephants
  A water nymph (Shoals:2)
  2 merfolk sirens (Shoals:1)
  3 centaur zombies
  11 spiny frogs
  A torpor snail (Lair:3)
  4 komodo dragons
  3 rime drakes
  A freezing wraith (D:13)
  An efreet (Volcano)
  5 yaktaurs (D:15)
  3 merfolk
  A tengu conjurer (D:15)
  13 trolls
  A hornet (D:5)
  A queen bee (Lair:2)
  4 meliai (Shoals:1)
  A harpy zombie (D:13)
  A polar bear (Lair:5)
  A wind drake (Shoals:1)
  7 hippogriffs
  A slime creature (Lair:6)
  4 blink frogs
  4 snapping turtles (Shoals:1)
  11 dream sheep (Lair:6)
  27 yaks
  2 wraiths (D:15)
  2 fire bats (Volcano)
  6 wyverns
  9 humans (D:14)
  3 basilisks
  3 water elementals
  A hungry ghost (D:11)
  5 vampire mosquitoes
  2 wargs (Orc:2)
  Menkaure (D:7)
  3 hell hounds
  8 water moccasins
  10 porcupines
  A porcupine (shapeshifter) (D:15)
  Duvessa (D:7)
  A hornet zombie (D:9)
  27 orc warriors
  2 phantoms
  4 sky beasts
  A black bear (D:11)
  10 wolves
  14 centaurs
  21 ogres
  13 crocodiles
  2 big kobolds
  12 bullfrogs
  A gnoll sergeant (D:5)
  Dowan (D:7)
  3 scorpions
  A wyvern skeleton (D:12)
  27 killer bees
  9 wights
  2 electric eels
  A howler monkey (shapeshifter) (D:14)
  3 howler monkeys
  3 bullfrog zombies
  5 hounds
  7 crimson imps
  3 quasits
  36 orc wizards
  10 jellies
  Crazy Yiuf (D:3)
  A bullfrog skeleton (D:9)
  10 orc priests
  4 centaur skeletons
  7 gnoll shamans
  4 iguanas
  Ijyb (D:4)
  13 worker ants
  A killer bee zombie (D:5)
  2 howler monkey zombies
  A worker ant zombie (D:5)
  39 gnolls
  A howler monkey skeleton (D:7)
  8 adders
  4 shadow imps
  7 oozes
  4 worms
  2 leopard geckos
  87 orcs
  2 ball pythons
  7 bats
  5 giant cockroaches
  6 goblins
  7 hobgoblins
  23 jackals
  6 quokkas
  4 frilled lizards
  9 kobolds
  A leopard gecko skeleton (D:8)
  A leopard gecko zombie (D:5)
  4 rats
  A bush (Lair:1)
  5 plants
741 creatures vanquished.

Vanquished Creatures (collateral kills)
  Nessos (D:12)
  3 dire elephants (Lair:6)
  A minotaur (Shoals:1)
  A hydra (D:13)
  The ghost of Oravi the Martial Artist, a journeyman MfTm of Qazlal (D:11)
  A death knight (D:14)
  2 two-headed ogres
  3 centaur warriors
  A tengu warrior (D:14)
  Sonja (Lair:2)
  2 orc knights
  2 cyclopes
  4 orc sorcerers (Orc:2)
  3 oklob plants (Lair:2)
  A deep elf mage (D:14)
  A faun (Shoals:1)
  7 elephants
  A gargoyle (D:14)
  2 spiny frogs
  2 komodo dragons
  2 trolls
  A wind drake (Shoals:1)
  A slime creature (Lair:6)
  2 blink frogs (Lair:1)
  9 dream sheep (Lair:6)
  3 hippogriffs
  A snapping turtle (Shoals:1)
  A shadow (D:12)
  18 yaks
  3 basilisks
  6 vampire mosquitoes
  7 humans (D:14)
  4 orc warriors
  2 porcupines (Lair:1)
  A black bear (D:7)
  2 ogres
  A wolf (Lair:1)
  2 bullfrogs
  2 howler monkeys (D:12)
  A bullfrog zombie (D:12)
  4 orc wizards
  An iguana (D:13)
  2 worker ants
  An adder (D:12)
  3 orcs
  A fungus (Lair:6)
  2 plants
123 creatures vanquished.

Vanquished Creatures (others)
  A yak (Lair:2)
  A kobold (D:12)
  2 bushes (Lair:1)
  12 fungi
  23 plants
39 creatures vanquished.

Grand Total: 903 creatures vanquished

Notes
Turn   | Place    | Note
-------+----------+-------------------------------------------
     0 | D:1      | Knicklaso the Demonspawn Wanderer began the quest for the Orb.
     0 | D:1      | Knicklaso set off with: a +2 quarterstaff, a potion of lignification, a scroll of teleportation, a +0 robe, a ration
     0 | D:1      | Reached XP level 1. HP: 13/13 MP: 1/1
    83 | D:1      | Reached skill level 1 in Fighting
   573 | D:1      | Gained mutation: You have a pair of small horns on your head. [demonic ancestry]
   573 | D:1      | Reached XP level 2. HP: 18/22 MP: 2/2
   934 | D:2      | Found a white marble altar of Elyvilon.
   960 | D:2      | Found a snail-covered altar of Cheibriados.
  1289 | D:2      | Gained mutation: You have a pair of horns on your head. [demonic ancestry]
  1289 | D:2      | Reached XP level 3. HP: 20/28 MP: 3/3
  1803 | D:2      | Gained mutation: When seriously injured, your bleeding wounds create armour. (AC +9) [demonic ancestry]
  1803 | D:2      | Reached XP level 4. HP: 30/37 MP: 4/4
  1969 | D:3      | You fall through a shaft!
  2000 | D:4      | Gained mutation: You are partially covered in sharp spines. [demonic ancestry]
  2000 | D:4      | Reached XP level 5. HP: 35/43 MP: 5/5
  2070 | D:4      | Noticed Ijyb
  2074 | D:4      | Paralysed by Ijyb for 7 turns
  2089 | D:4      | Paralysed by Ijyb for 2 turns
  2090 | D:4      | Killed Ijyb
  2144 | D:4      | Noticed an ogre
  2287 | D:4      | Killed an ogre
  2287 | D:4      | Reached skill level 5 in Fighting
  2287 | D:4      | Reached XP level 6. HP: 51/51 MP: 6/6
  2376 | D:4      | Found an iron altar of Okawaru.
  2981 | D:3      | Found a runed door.
  3704 | D:3      | Noticed Crazy Yiuf
  3707 | D:3      | Killed Crazy Yiuf
  3766 | D:5      | Entered Level 5 of the Dungeon
  3811 | D:5      | Found Womedo Inih's General Store.
  3815 | D:5      | Bought a potion of might for 44 gold pieces
  3815 | D:5      | Bought a scroll of identify for 22 gold pieces
  4141 | D:5      | Found Nechidgho's Food Boutique.
  4149 | D:5      | Reached XP level 7. HP: 57/57 MP: 7/7
  4196 | D:5      | Reached skill level 5 in Staves
  4263 | D:5      | Found Likaot's Antique Armour Shop.
  4266 | D:5      | Noticed a hornet
  4274 | D:5      | Killed a hornet
  4409 | D:5      | Found a shadowy altar of Dithmenos.
  4683 | D:5      | Reached XP level 8. HP: 42/67 MP: 8/8
  4903 | D:5      | Found Ziolaogo's Gadget Emporium.
  4996 | D:5      | Found a hazy altar of Hepliaklqana.
  4999 | D:5      | Found a sparkling altar of Nemelex Xobeh.
  5002 | D:5      | Found a sacrificial altar of Ru.
  5122 | D:5      | Found an ornate altar of the Wu Jian Council.
  5991 | D:6      | Killed an unseen horror
  5991 | D:6      | Gained mutation: A weak demonic guardian rushes to your aid. [demonic ancestry]
  5991 | D:6      | Reached XP level 9. HP: 38/78 MP: 9/9
  6005 | D:6      | Got a bound amethyst amulet
  6009 | D:6      | Identified the amulet "Soghaep" {Gourm MR++} (You found it on level 6 of the Dungeon)
  6332 | D:6      | Reached skill level 10 in Fighting
  6727 | D:7      | Found a deep blue altar of Sif Muna.
  6871 | D:7      | Noticed Menkaure
  6876 | D:7      | Killed Menkaure
  7391 | D:7      | Found a staircase to the Ecumenical Temple.
  7419 | D:7      | Noticed Duvessa
  7419 | D:7      | Noticed Dowan
  7427 | D:7      | Killed Duvessa
  7431 | D:7      | Killed Dowan
  7897 | D:8      | Found a staircase to the Lair.
  7897 | D:8      | Noticed an elephant
  7928 | D:8      | Killed an elephant
  7928 | D:8      | Gained mutation: A demonic guardian rushes to your aid. [demonic ancestry]
  7928 | D:8      | Reached XP level 10. HP: 53/90 MP: 10/10
  8340 | Temple   | Entered the Ecumenical Temple
  8700 | Temple   | Became a worshipper of Qazlal Stormbringer
  9218 | D:8      | Reached skill level 1 in Polearms
  9308 | D:8      | Reached skill level 1 in Armour
  9734 | D:8      | Found a radiant altar of Vehumet.
 10257 | D:9      | Noticed a two-headed ogre
 10263 | D:9      | Killed a two-headed ogre
 10306 | D:9      | Reached * piety under Qazlal
 10799 | D:9      | Reached skill level 5 in Polearms
 10988 | D:10     | Entered Level 10 of the Dungeon
 10993 | D:10     | Reached ** piety under Qazlal
 11095 | D:10     | Found a staircase to the Orcish Mines.
 11629 | D:10     | Found Ytsoluimoh's Food Boutique.
 11659 | D:10     | Gained mutation: When seriously injured, your bleeding wounds create thick armour. (AC +9) [demonic ancestry]
 11659 | D:10     | Reached XP level 11. HP: 73/96 MP: 11/11
 11939 | D:10     | Noticed a two-headed ogre
 11945 | D:10     | Killed a two-headed ogre
 12107 | D:11     | Noticed an unseen horror
 12120 | D:11     | Killed an unseen horror
 12211 | D:11     | Found a hide-covered altar of Uskayaw.
 12306 | D:11     | Reached skill level 5 in Dodging
 12672 | D:11     | Reached *** piety under Qazlal
 13133 | D:11     | Noticed Oravi's ghost (journeyman MfTm)
 13148 | D:11     | Killed Oravi's ghost
 13148 | D:11     | Reached skill level 5 in Armour
 13230 | D:11     | Noticed a red ugly thing
 13251 | D:11     | Killed a red ugly thing
 13424 | D:11     | Found Piogefeo's Gadget Boutique.
 13588 | D:12     | Noticed Nessos
 13602 | D:12     | Killed Nessos
 13861 | D:12     | Noticed a deep elf mage
 13888 | D:12     | Killed a deep elf mage
 14054 | D:12     | Reached **** piety under Qazlal
 14062 | D:12     | Noticed an eight-headed hydra
 14070 | D:12     | Killed an eight-headed hydra
 14411 | D:12     | Found a white marble altar of Elyvilon.
 14411 | D:12     | Found a runed door.
 14413 | D:12     | Noticed an angel
 14520 | D:12     | Learned a level 2 spell: Swiftness
 14555 | D:13     | Reached XP level 12. HP: 103/103 MP: 12/12
 14571 | D:13     | Reached skill level 1 in Invocations
 14637 | D:13     | Noticed an eight-headed hydra
 14643 | D:13     | Killed an eight-headed hydra
 14663 | D:13     | Noticed Xenomina's ghost (journeyman DgFi)
 14739 | D:13     | Killed Xenomina's ghost
 15327 | D:13     | Noticed a two-headed ogre
 15338 | D:13     | Killed a two-headed ogre
 15338 | D:13     | Reached skill level 5 in Invocations
 15373 | D:13     | Found a transporter.
 15377 | D:13     | Noticed a centaur warrior
 15382 | D:13     | Killed a centaur warrior
 15383 | D:13     | Noticed a cyan very ugly thing
 15471 | D:13     | Found a transporter.
 15706 | D:14     | Noticed a death knight
 16295 | D:14     | Found a gate to the Vaults.
 16295 | D:14     | Noticed a two-headed ogre
 16295 | D:14     | Noticed a centaur warrior
 16295 | D:14     | Noticed a two-headed ogre
 16317 | D:14     | Killed a two-headed ogre
 16342 | D:14     | Reached ***** piety under Qazlal
 16354 | D:14     | Killed a centaur warrior
 16354 | D:14     | Reached skill level 10 in Polearms
 16431 | D:14     | Killed a two-headed ogre
 16567 | D:14     | Noticed a tengu warrior
 16592 | D:14     | Killed a tengu warrior
 16652 | D:14     | Noticed a centaur warrior
 16667 | D:14     | Killed a centaur warrior
 16840 | D:14     | Learned a level 1 spell: Apportation
 16931 | D:14     | Killed a death knight
 16931 | D:14     | Reached XP level 13. HP: 29/109 MP: 19/19
 17578 | D:14     | You fall through a shaft!
 17578 | D:15     | Entered Level 15 of the Dungeon
 17713 | D:15     | Reached skill level 10 in Invocations
 17718 | D:15     | Noticed a fire dragon
 17776 | D:15     | Killed a fire dragon
 18285 | D:15     | Got a polished chain mail
 18286 | D:15     | Identified the +3 chain mail "Eptupaef" {*Contam Int+5 Dex+6} (You found it on level 15 of the Dungeon)
 18779 | D:15     | Found a staircase to the Depths.
 19578 | Lair:1   | Entered Level 1 of the Lair of Beasts
 20507 | Lair:2   | Reached XP level 14. HP: 77/116 MP: 12/23
 20523 | Lair:2   | Reached skill level 1 in Air Magic
 20540 | Lair:2   | Reached skill level 1 in Charms
 20748 | Lair:2   | Noticed Sonja
 20797 | Lair:2   | Killed Sonja
 21643 | Lair:3   | Found a dark tunnel.
 21653 | Volcano  | Entered a volcano
 22477 | Lair:3   | Found a hole to the Spider Nest.
 22945 | Lair:4   | Reached skill level 1 in Spellcasting
 23132 | Lair:4   | Identified a scroll of acquirement
 23133 | Lair:4   | Got an encrusted demon trident
 23134 | Lair:4   | Identified the +7 demon trident of Vengeance {pierce, rElec rF- Str+3 Int+2} (You acquired it on level 4 of the Lair of Beasts)
 23423 | Lair:4   | Found a staircase to the Shoals.
 24033 | Lair:5   | Reached skill level 1 in Shields
 24616 | Lair:6   | Entered Level 6 of the Lair of Beasts
 24719 | Lair:6   | Reached ****** piety under Qazlal
 24902 | Lair:6   | Found a staircase to the Slime Pits.
 25948 | Lair:6   | Gained mutation: You have a pair of large horns on your head. [demonic ancestry]
 25948 | Lair:6   | Reached XP level 15. HP: 124/124 MP: 17/25
 26363 | Orc:1    | Entered Level 1 of the Orcish Mines
 26482 | Orc:2    | Entered Level 2 of the Orcish Mines
 26745 | Orc:2    | Found a staircase to the Elven Halls.
 26879 | Orc:2    | Noticed an orc warlord
 26897 | Orc:2    | Killed an orc warlord
 27044 | Orc:2    | Found an ancient bone altar of Kikubaaqudgha.
 27061 | Orc:2    | Found Qyfofo's Magic Scroll Boutique.
 27072 | Orc:2    | Found a roughly hewn altar of Beogh.
 27072 | Orc:2    | Found Qokyom's Book Boutique.
 27099 | Orc:2    | Found a radiant altar of Vehumet.
 27115 | Orc:2    | Found Kiodoul's Antique Armour Shop.
 27155 | Orc:2    | Bought a scroll of random uselessness for 11 gold pieces
 27169 | Orc:2    | Found Ymaj's Antique Weapon Shop.
 27170 | Orc:2    | Bought a slimy ring mail for 225 gold pieces
 27198 | Orc:2    | Bought a book of Geomancy for 350 gold pieces
 27279 | Orc:2    | Identified the +0 ring mail "Fuysokke" {+Inv Str+2 Int+2} (You bought it in a shop on level 2 of the Orcish Mines)
 27284 | Orc:2    | Learned a level 2 spell: Passwall
 27647 | Orc:1    | Noticed Nergalle
 27653 | Orc:1    | Killed Nergalle
 28066 | Shoals:1 | Entered Level 1 of the Shoals
 28140 | Shoals:1 | Reached skill level 10 in Dodging
 28733 | Shoals:1 | Found a hide-covered altar of Uskayaw.
 29539 | Shoals:2 | Killed from afar by a water nymph

Skill      XL: |  1  2  3  4  5  6  7  8  9 10 11 12 13 14 15 |
---------------+----------------------------------------------+-----
Fighting       | 1 2 4 5 7 9 12 13 14 | 14.2
Staves         | 3 4 5 6 |  6.8
Polearms       | 5 8 10 11 12 13 | 13.4
Dodging        | 4 6 7 9 10 | 10.3
Armour         | 3 6 7 |  7.0
Invocations    | 8 13 14 | 14.1
Air Magic      | 3 |  3.0
Charms         | 3 |  3.0
Spellcasting   | 2 |  2.1
Shields        | 4 |  4.0
Throwing       | |  1.0
Stealth        | |  1.0
Summonings     | |  3.0

Action                   |  1- 3 |  4- 6 |  7- 9 | 10-12 | 13-15 || total
-------------------------+-------+-------+-------+-------+-------++-------
Melee: Quarterstaff      |    85 |   117 |   317 |       |       ||   519
       Headbutt          |     8 |    13 |    56 |   190 |   164 ||   431
       Spear             |       |       |       |  1260 |    98 ||  1358
       Halberd           |       |       |       |     9 |   499 ||   508
       Demon trident     |       |       |       |       |   560 ||   560
Throw: Javelin           |     2 |     1 |     3 |     4 |       ||    10
Invok: Upheaval          |       |       |       |       |    35 ||    35
       Elemental Force   |       |       |       |       |     5 ||     5
Evoke: Wand              |       |       |       |       |    12 ||    12
  Use: Scroll            |       |       |     3 |    14 |     9 ||    26
       Potion            |       |       |       |     8 |     7 ||    15
 Stab: Sleeping          |     2 |     1 |       |       |       ||     3
       Distracted        |       |       |     2 |     3 |     5 ||    10
  Eat: Chunk             |     3 |     7 |    20 |    59 |    54 ||   143
       Ration            |       |       |       |     1 |       ||     1
Armor: Robe              |    13 |       |       |       |       ||    13
       Leather armour    |    25 |    22 |       |       |       ||    47
       Scale mail        |       |     1 |       |       |       ||     1
       Chain mail        |       |    32 |   153 |       |       ||   185
       Ring mail         |       |       |    23 |   219 |   220 ||   462
       Skin              |       |       |       |     4 |       ||     4
Dodge: Dodged            |    55 |    58 |    95 |   373 |   337 ||   918
       Deflected         |       |       |       |     5 |    34 ||    39
Block: Other             |       |       |     8 |   168 |   116 ||   292
       Reflection        |       |       |     1 |     5 |       ||     6
       Buckler           |       |       |       |       |   156 ||   156
